 Dungeon Crawl Stone Soup version 0.17.2-2-g6415ff710d (webtiles) character file.

13 Goblin1989 the Conjurer (level 2, 19/19 HPs)
             Began as a Demonspawn Conjurer on Jan 22, 2019.
             Quit the game on level 1 of the Dungeon on Apr 21, 2020.
             The game lasted 00:04:11 (505 turns).

Goblin1989 the Conjurer (Demonspawn Conjurer)        Turns: 505, Time: 00:04:11

Health: 19/19      AC:  4    Str:  8    XL:     2   Next: 24%
Magic:  5/5        EV: 16    Int: 16    God:
Gold:   27         SH:  0    Dex: 13    Spells: 1 memorised, 4 levels left

rFire  . . .     SeeInvis .     (no weapon)
rCold  . . .     Clarity  .     a - +0 robe
rNeg   . . .     SustAt   .     (no shield)
rPois  .         Gourm    .     (no helmet)
rElec  .         Spirit   .     (no cloak)
rCorr  .         Warding  .     (no gloves)
rMut   .         Stasis   .     (no boots)
MR     .....                    (no amulet)
Stlth  ++........               (no ring)
                                c - +4 ring of evasion

@: not resistant to hostile enchantments, unstealthy
A: thin metallic scales 1
a: no special abilities


You were on level 1 of the Dungeon.
You were not hungry.

You visited 1 branch of the dungeon, and saw 1 of its levels.

You collected 27 gold pieces.

Inventory:

Missiles
 g - a tomahawk (quivered)
Armour
 a - a +0 robe (worn)
Jewellery
 c - a +4 ring of evasion (left hand)
Scrolls
 h - a scroll of fear {unknown}
 i - a scroll of recharging {unknown}
Potions
 d - a potion of heal wounds {unknown}
 f - a potion of flight {unknown}
Books
 b - a book of Conjurations

   Spells                             Type                      Level
   a - Magic Dart                     Conjuration                  1
   b - Searing Ray                    Conjuration                  2
   c - Dazzling Spray                 Conjuration/Hexes            3
   d - Fulminant Prism                Conjuration/Hexes            4
   e - Iskenderun's Mystic Blast      Conjuration                  4
   f - Iskenderun's Battlesphere      Conjuration/Charms           5
Comestibles
 e - 2 bread rations {@e1}


   Skills:
 - Level 1.7 Dodging
 - Level 1.7 Stealth
 + Level 2.2 Spellcasting
 * Level 4.4 Conjurations


You had 4 spell levels left.
You knew the following spells:

 Your Spells              Type           Power        Failure   Level  Hunger
a - Magic Dart            Conj           ###.         4%          1    #......


Dungeon Overview and Level Annotations

Branches:
Dungeon (1/15)

Altars:


Innate Abilities, Weirdness & Mutations

You are partially covered in thin metallic scales (AC +2).


Message History

Aim: a goblin, wielding a dagger (moderately wounded)
You throw a tomahawk. The tomahawk barely misses the goblin.
The goblin closely misses you.
Throwing (i - inventory):
g - 6 tomahawks (quivered)
Press: ? - help, Shift-Dir - straight line, f/p - goblin
Aim: a goblin, wielding a dagger (moderately wounded)
You throw a tomahawk. The tomahawk hits the goblin.
You kill the goblin!
g - 7 tomahawks (gained 2)
Things that are here:
a dagger; a goblin corpse
g - 8 tomahawks (gained 1)
You spend a moment contemplating the meaning of life.
A goblin comes into view.
You regained 2 mp, and now have 2/5 mp.
Casting: Magic Dart
Confirm with . or Enter, or press ? or * to list all spells.
Aiming: Magic Dart
Press: ? - help, Shift-Dir - straight line, f - goblin
Aim: a goblin (resting)
The magic dart hits the goblin.
The goblin is moderately wounded.
The goblin shouts!
You now have 1/5 mp.
Casting: Magic Dart
Confirm with . or Enter, or press ? or * to list all spells.
Aiming: Magic Dart
Press: ? - help, Shift-Dir - straight line, f/p - goblin
Aim: a goblin (moderately wounded)
The magic dart hits the goblin.
The goblin is heavily wounded.
You now have 0/5 mp.
Casting: Magic Dart
Confirm with . or Enter, or press ? or * to list all spells.
You don't have enough magic to cast that spell.
Unknown command.
Casting: Magic Dart
Confirm with . or Enter, or press ? or * to list all spells.
You don't have enough magic to cast that spell.
Unknown command.
Throwing (i - inventory):
g - 8 tomahawks (quivered)
Press: ? - help, Shift-Dir - straight line, f/p - goblin
Aim: a goblin (heavily wounded)
You throw a tomahawk. The tomahawk closely misses the goblin.
Throwing (i - inventory):
g - 7 tomahawks (quivered)
Press: ? - help, Shift-Dir - straight line, f/p - goblin
Aim: a goblin (heavily wounded)
You throw a tomahawk. The tomahawk barely misses the goblin.
Throwing (i - inventory):
g - 6 tomahawks (quivered)
Press: ? - help, Shift-Dir - straight line, f/p - goblin
Aim: a goblin (heavily wounded)
You throw a tomahawk. The tomahawk closely misses the goblin.
A kobold comes into view. It is wielding a club.
Throwing (i - inventory):
g - 5 tomahawks (quivered)
Press: ? - help, Shift-Dir - straight line, f/p - goblin
Aim: a goblin (heavily wounded)
You throw a tomahawk.
The tomahawk completely misses the goblin.
The kobold shouts!
Casting: Magic Dart
Confirm with . or Enter, or press ? or * to list all spells.
Okay, then.
Throwing (i - inventory):
g - 4 tomahawks (quivered)
Press: ? - help, Shift-Dir - straight line, f/p - goblin
Aim: a goblin (heavily wounded)
You throw a tomahawk. The tomahawk hits the goblin.
The goblin is severely wounded.
The goblin barely misses you.
Throwing (i - inventory):
g - 3 tomahawks (quivered)
Press: ? - help, Shift-Dir - straight line, f/p - goblin
Aim: a goblin (severely wounded)
You throw a tomahawk. The tomahawk hits the goblin.
You kill the goblin!
Eat which item? (? for menu, Esc to quit)
You don't have any such object.
Eat which item? (? for menu, Esc to quit)
Huh?
Eat which item? (? for menu, Esc to quit)
You don't have any such object.
Eat which item? (? for menu, Esc to quit)
You can't eat that!
Drop what? 9/52 slots (_ for help) (? for menu, Esc to quit)
Okay, then.
Unknown command.
Throwing (i - inventory):
g - 2 tomahawks (quivered)
Press: ? - help, Shift-Dir - straight line, f - kobold
Aim: a kobold, wielding a club You throw a tomahawk.
The tomahawk hits the kobold.
The kobold is severely wounded.
You miss the kobold.
The kobold is severely wounded.
The kobold closely misses you.
You hit the kobold.
You kill the kobold!
Things that are here:
a club; a kobold corpse You start resting.
Magic restored.
MP restored: 5 Are you sure you want to abandon this character and quit the game? (Confirm with "yes".) ██. █(. ██████

█.█ ≈§≈≈≈█.█ █.█
§§§§≈█.█ █(█ ..§≈≈█.█
█.█ ≈...≈█.█ █(█
≈≈.§≈█.█ █.█ ≈...≈█.█
█@█ .§.≈§█.█ █████.████
§≈≈§≈█)█ ██...█....██
§≈§§≈█.█ ██..........██
██████.█ █............█
.......███............█
█.....................█
..███................██
..█ █████......██...██


There were no monsters in sight!

Vanquished Creatures
  2 bats (D:1)
  2 hobgoblins (D:1)
  2 giant newts (D:1)
  4 goblins (D:1)
  2 kobolds (D:1)
12 creatures vanquished.

Notes
Turn   | Place    | Note
--------------------------------------------------------------
     0 | D:1      | Goblin1989 the Demonspawn Conjurer began the quest for the Orb.
     0 | D:1      | Reached XP level 1. HP: 13/13 MP: 3/3
   344 | D:1      | Upgraded the game from 0.17.2-1-ge4368a0 to 0.17.2-2-g6415ff710d
   387 | D:1      | Gained mutation: You are partially covered in thin metallic scales (AC +2). [demonic ancestry]
   387 | D:1      | Reached XP level 2. HP: 19/19 MP: 0/5
   505 | D:1      | Quit the game

Action                   || total
-------------------------++-------
Melee: Unarmed           ||     4
Throw: Tomahawk          ||    10
 Cast: Magic Dart        ||    25

Vault maps used:
D:1:      dpeg_arrival_shrine
